 Dungeon Crawl Stone Soup version 0.30-a0-626-gd6a5dd7a1f (webtiles) character file.

Game seed: 16526453236795450689

729 Vylera the Shooter (level 7, -1/35 (47) HPs)
             Began as a Djinni Wanderer on Jan 12, 2023.
             Was a Priest of Ru.
             Killed from afar by a white imp (19 damage)
             ... with a puff of frost
             ... on level 5 of the Dungeon.
             The game lasted 00:08:43 (2899 turns).

Vylera the Shooter (Djinni Wanderer)                Turns: 2899, Time: 00:08:44

HP:   -1/35 (47)    AC:  7    Str: 15    XL:     7   Next: 3%
Gold: 183           EV:  9    Int: 14    God:    Ru [***...] SH:  0 Dex: 10

rFire   + + .      SeeInvis .    b - +1 longbow (freeze)
rCold   x . .      Faith    .    (shield currently unavailable)
rNeg    . . .      Spirit   .    c - +0 scale mail
rPois   ∞          Reflect  .    (no helmet)
rElec   .          Harm     .    (no cloak)
rCorr   .          Rampage  .    (no gloves)
Will    .....                    (boots unavailable) Stlth
                                 (no amulet)
HPRegen 0.25/turn                (no ring)
MPRegen 0.00/turn                (no ring)

@: flying, very heavily drained
A: sickness immunity, fire resistance 2, cold vulnerability 1, inexperienced 1,
missing an eye, float, innate caster, HP casting, extra vitality 1
a: Renounce Religion, Draw Out Power


You were on level 5 of the Dungeon.
You worshipped Ru.
Ru was most pleased with you.
You visited 1 branch of the dungeon, and saw 5 of its levels.

You collected 183 gold pieces.

Inventory:

Hand Weapons
 a - a +2 spear
 b - a +1 longbow of freezing (weapon)
 y - a +1 arbalest of draining
Armour
 c - a +0 scale mail (worn)
Scrolls
 g - a scroll of enchant armour {unknown}
 h - a scroll of fog {unknown}
 j - a scroll of poison {unknown}
 k - a scroll of vulnerability
 l - a scroll of brand weapon {unknown}
 m - a scroll of silence {unknown}
 n - 2 scrolls of blinking {unknown}
 o - 2 scrolls of immolation {unknown}
 t - a scroll of noise {unknown}
 v - 2 scrolls of identify {unknown}
 w - 2 scrolls of teleportation {unknown}
 x - a scroll of fear {unknown}
Potions
 d - 3 potions of berserk rage
 e - a potion of mutation {unknown}
 f - 3 potions of lignification {unknown}
 i - 2 potions of magic {unknown}
 p - a potion of resistance {unknown}
 q - 3 potions of brilliance {unknown}
 r - a potion of flight {unknown}
 s - a potion of curing
 u - a potion of degeneration {unknown}
 z - a potion of ambrosia {unknown}
 A - a potion of might {unknown}


   Skills:
 - Level 1.0 Fighting
 - Level 4.2(4.3) Polearms
 - Level 0.8(3.0) Staves
 * Level 5.2 Ranged Weapons
 + Level 4.8 Armour
 + Level 2.7 Spellcasting


You had 6 spell levels left.
You knew the following spells:

 Your Spells              Type           Power      Damage    Failure   Level
a - Kiss of Death         Conj/Necr      36%        2d8       26%         1
b - Scorch                Fire           18%        2d5       36%         2
c - Passwall              Tmut/Erth      7%         N/A       36%         2
Your spell library was empty.

Dungeon Overview and Level Annotations

Branches:
Dungeon (5/15)
 Temple: D:4-7

Altars:
Qazlal
Ru

Shops:
D:4 [

Annotations:
D:2 1 runed translucent door, Crazy Yiuf


Innate Abilities, Weirdness & Mutations

You are immune to sickness and miasma.
You are immune to poison.
Your flesh is very heat resistant. (rF++)
You are vulnerable to cold. (rC-)
You are somewhat inexperienced. (-1 XL)
You are missing an eye, making it more difficult to aim.
You float through the air rather than walking.
You learn spells naturally, not from books.
Your magical power is your life essence.
You have superior vitality. (+4 MHP)


Message History

You kill the ice beast!
You feel drained.
You have reached level 7!
The power to cast Passwall wells up from within.
Spell assigned to 'c'.
Okay, then.
A white imp comes into view.
You shoot an arrow. The arrow barely misses the white imp.
The white imp shouts!
You shoot an arrow.
The arrow hits the white imp but does no damage.
You shoot an arrow. The arrow barely misses the white imp.
You shoot an arrow. The arrow barely misses the white imp.
The white imp hits you but does no damage.
You shoot an arrow. The arrow closely misses the white imp.
The white imp hits you but does no damage.
You shoot an arrow. The arrow closely misses the white imp.
The white imp gestures at you. The puff of frost hits you.
You feel a terrible chill!
The white imp is stunned by your conviction and fails to attack.
Fire: b) +1 longbow (freeze)
Press: ? - help, Q - select action, (/) - cycle Shift-Dir - straight line, f/p - white imp
Aim: a white imp (35% to hit)
You shoot an arrow. The arrow closely misses the white imp.
The white imp hits you. The white imp freezes you.
You feel a terrible chill!
You focus your inner power and blind the white imp in retribution!
The white imp begins to attack, but is stunned by your conviction!
Fire: b) +1 longbow (freeze)
Press: ? - help, Q - select action, (/) - cycle Shift-Dir - straight line, f/p - white imp
Aim: a white imp (blind, 35% to hit)
You shoot an arrow. The arrow closely misses the white imp.
The white imp barely misses you.
Fire: b) +1 longbow (freeze)
Press: ? - help, Q - select action, (/) - cycle Shift-Dir - straight line, f/p - white imp
Aim: a white imp (blind, 35% to hit)
You shoot an arrow. The arrow misses the white imp.
The white imp gestures at you. The puff of frost hits you!!
You feel a terrible chill!
Ouch! That really hurt!
You die...

.............#..
......>.....###.....##..
.......).........##.##..
......(.........###.#...
...............##.......
...............##.....##
.......!..........######
#..<...............## ##
#.....5@...........#.##.
.................#......
#................###..##
####...........>.####...
#...####........##...
##.. #........#.... ....
##..........#. .###.
#..........#.
#....#......#


You could see a white imp (blind).

Vanquished Creatures
  A water moccasin (D:5)
  An ice beast (D:5)
  A black bear (D:4)
  A scorpion (D:4)
  An orc priest (D:4)
  4 jellies
  A hound (D:4)
  3 iguanas (D:4)
  A gnoll (D:1)
  6 adders
  A worm (D:2)
  6 orcs
  3 bats
  4 endoplasms
  A giant cockroach (D:2)
  5 hobgoblins
  3 quokkas
  9 ball pythons
  5 frilled lizards
  2 goblins
  9 kobolds
  4 rats
72 creatures vanquished.

Vanquished Creatures (others)
  A frilled lizard (D:2)
1 creature vanquished.

Grand Total: 73 creatures vanquished

Notes
Turn   | Place    | Note
-------+----------+-------------------------------------------
     0 | D:1      | Vylera the Djinni Wanderer began the quest for the Orb.
     0 | D:1      | Vylera set off with the following items: a +2 spear, a
                  | scroll of vulnerability, a +0 scale mail, a potion of
                  | berserk rage.
     0 | D:1      | Reached XP level 1. HP: 17/17 MP: 0/0
    87 | D:1      | Reached XP level 2. HP: 22/22 MP: 0/0
   243 | D:1      | Reached skill level 1 in Ranged Weapons
   243 | D:1      | Reached XP level 3. HP: 12/27 MP: 0/0
   243 | D:1      | Learned a level 1 spell: Kiss of Death
   371 | D:1      | Found a faded altar of an unknown god.
   391 | D:1      | Prayed at the altar of an unknown god.
   391 | D:1      | Became a worshipper of Ru the Awakened
   408 | D:1      | Gained mutation: You are somewhat inexperienced. (-1 XL)
                  | [Ru sacrifice]
   408 | D:1      | Reached XP level 2. HP: 22/22 MP: 0/0
   408 | D:1      | Reached * piety under Ru
   408 | D:1      | Reached ** piety under Ru
   713 | D:2      | Reached skill level 2 in Ranged Weapons
   775 | D:2      | Reached XP level 3. HP: 27/27 MP: 0/0
   919 | D:2      | Found a runed translucent door.
   920 | D:2      | Noticed Crazy Yiuf
  1559 | D:3      | Found a stormy altar of Qazlal.
  1840 | D:4      | Identified the -1 pair of boots of the Land of Plenty
                  | {Rampage rElec rCorr MP+9}
  1848 | D:4      | Reached skill level 3 in Ranged Weapons
  1848 | D:4      | Reached XP level 4. HP: 16/32 MP: 0/0
  1927 | D:4      | Reached skill level 1 in Spellcasting
  1939 | D:4      | Noticed a black bear
  1946 | D:4      | Killed a black bear
  1947 | D:4      | Reached XP level 5. HP: 6/37 MP: 0/0
  1947 | D:4      | Learned a level 2 spell: Scorch
  2093 | D:4      | Reached skill level 4 in Ranged Weapons
  2137 | D:4      | Found Fenguukh's Armour Emporium.
  2234 | D:4      | Reached XP level 6. HP: 42/42 MP: 0/0
  2376 | D:4      | Gained mutation: You are missing an eye, making it more
                  | difficult to aim. [Ru sacrifice]
  2376 | D:4      | Reached *** piety under Ru
  2704 | D:5      | Entered Level 5 of the Dungeon
  2724 | D:5      | Noticed a water moccasin
  2729 | D:5      | Killed a water moccasin
  2730 | D:5      | Reached skill level 5 in Ranged Weapons
  2886 | D:5      | Reached XP level 7. HP: 24/35 MP: 0/0
  2886 | D:5      | Learned a level 2 spell: Passwall
  2899 | D:5      | Killed from afar by a white imp

Illustrated notes

Levels and vault maps discovered:
D:1:      saegor_arrival_simple_d, layout_rooms,
          hellmonk_ecumenical_altar_slurped_away
D:2:      layout_rooms, minmay_tromino_i4, uniq_crazy_yiuf_cottage
D:3:      layout_loops_ring, mainiacjoe_overflow_alcove_2
D:4:      layout_gridville, kennysheep_mini, serial_shops,
          kennysheep_little_box, kennysheep_potato
D:5:      layout_cave_pools, minmay_joined_circles

Skill      XL: |  1  2  3  4  5  6 |
---------------+-------------------+-----
Ranged Weapons | 2 3 4 5 |  5.2
Spellcasting   | 1 2 |  2.7
Fighting       | |  1.0
Polearms       | |  4.2
Staves         | |  0.8
Armour         | |  4.8

Action                   |  1- 3 |  4- 6 |  7- 9 || total
-------------------------+-------+-------+-------++-------
Melee: Spear             |    41 |       |       ||    41
       Punch             |     2 |       |       ||     2
 Fire: Longbow           |   102 |    86 |     9 ||   197
 Cast: Kiss of Death     |       |     4 |       ||     4
Invok: Sacrifice Experie |     1 |       |       ||     1
       Sacrifice an Eye  |       |     1 |       ||     1
Armor: Scale mail        |    41 |    25 |     2 ||    68
Dodge: Dodged            |    38 |    35 |     1 ||    74

Table legend: (Time is in decaauts)
 A = Elapsed time spent in this place.
 B = Non-inter-level travel time spent in this place.
 C = Inter-level travel time spent in this place.
 D = Time resting spent in this place.
 E = Time spent auto-exploring this place.
 F = Levels seen in this place.
 G = Mean time per level.
                   A        B        C        D        E       F      G
               +--------+--------+--------+--------+--------+-----+--------+
         Total |   3037 |   2969 |     68 |      0 |   2379 |   5 |  607.4 |
       Dungeon |   3037 |   2969 |     68 |      0 |   2379 |   5 |  607.4 |
               +--------+--------+--------+--------+--------+-----+--------+

Top non-repeatable levels by time:
     D:4: 1010 daAuts
     D:3: 703 daAuts
     D:1: 569 daAuts
     D:2: 540 daAuts
     D:5: 213 daAuts
